 Dungeon Crawl Stone Soup version 0.21-a0-133-gf55ed5b (webtiles) character file.

7 4thArraOfDagon the Skirmisher (level 2, 0/27 HPs)
             Began as a Gnoll Wanderer on July 17, 2017.
             Slain by an adder (2 damage)
             ... on level 4 of the Dungeon.
             The game lasted 00:02:23 (599 turns).

4thArraOfDagon the Skirmisher (Gnoll Wanderer)       Turns: 599, Time: 00:02:23

Health: 0/27       AC:  6    Str:  7    XL:     2   Next: 0%
Magic:  3/3        EV:  9    Int:  7    God:
Gold:   62         SH:  0    Dex:  7    Spells: 1/1 levels left

rFire    . . .     SeeInvis .   a - +2 dagger
rCold    . . .     Gourm    .   (no shield)
rNeg     + . .     Faith    .   n - +0 ring mail
rPois    .         Spirit   .   (no helmet)
rElec    .         Reflect  .   (no cloak)
rCorr    .         Harm     .   (no gloves)
MR       .....                  g - +0 pair of boots (curse)
Stlth    +.........             (no amulet)
HPRegen  0.09/turn              i - ring of positive energy
MPRegen  0.08/turn              (no ring)

@: lethally poisoned (0 -> -9)
A: unchanging attributes, fangs 1, strong nose
a: no special abilities


You were on level 4 of the Dungeon.
You were not hungry.

You visited 1 branch of the dungeon, and saw 4 of its levels.

You collected 62 gold pieces.

Inventory:

Hand Weapons
 a - a +2 dagger (weapon)
 c - a +0 spear
Armour
 e - a +0 robe
 g - a cursed +0 pair of boots (worn)
 n - a +0 ring mail (worn)
Jewellery
 i - a ring of positive energy (left hand)
Scrolls
 b - a scroll of blinking {unknown}
 h - a scroll of remove curse {unknown}
 k - 2 scrolls of identify
 l - a scroll of magic mapping {unknown}
 o - a scroll of teleportation {unknown}
Potions
 d - a potion of lignification
 j - a potion of ambrosia {unknown}
 m - a potion of degeneration {unknown}
Comestibles
 f - 4 bread rations


   Skills:
 + Level 5.5 Fighting
 - Level 2.6(3.2) Polearms
   Level 2.6(3.2) Staves
 + Level 1.1 Armour
 + Level 0.6 Dodging
 - Level 1.2 Stealth
   Level 1.3 Evocations


You had one spell level left.
You didn't know any spells.

Dungeon Overview and Level Annotations

Branches:
Dungeon (4/15)
 Temple: D:4-7

Altars:

Annotations:
D:3 4thArraOfDagon's ghost, weakling FeSu


Innate Abilities, Weirdness & Mutations

Your physical attributes are unchanging.
You have very sharp teeth.
Your uncanny sense of smell can sniff out nearby items.


Message History

* * * LOW HITPOINT WARNING * * *
You are lethally poisoned!
The adder poisons you!
You miss the adder.
The adder is heavily wounded.
* * * LOW HITPOINT WARNING * * *
You feel sick. The adder bites you but does no damage. The adder bites you.
* * * LOW HITPOINT WARNING * * *
You closely miss the adder.
The adder is heavily wounded.
* * * LOW HITPOINT WARNING * * *
You feel sick. The adder closely misses you.
You hit the adder.
The adder is severely wounded.
* * * LOW HITPOINT WARNING * * *
You feel sick. The adder misses you.
You barely miss the adder.
The adder is severely wounded.
The adder bites you but does no damage. The adder bites you.
You die...

#### ∆...
#.##########
###.......S@.#
#......##.##.#
#.###..##.##.#
#S.##.##.#
#.###.###.##.#######
#.......#.##.......#
∆
#.........<......#.#
#.......####.....#.#
..S......##.......#.#


You could see an adder.

Vanquished Creatures
  A giant cockroach (D:1)
  2 hobgoblins
  A ball python (D:3)
  A bat (D:3)
  A frilled lizard (D:4)
  A kobold (D:2)
7 creatures vanquished.

Notes
Turn   | Place    | Note
-------+----------+-------------------------------------------
     0 | D:1      | 4thArraOfDagon the Gnoll Wanderer began the quest for the Orb.
     0 | D:1      | 4thArraOfDagon set off with: a +2 dagger, a potion of heal wounds, a +0 spear, a potion of lignification, a +0 robe, a bread ration
     0 | D:1      | Reached XP level 1. HP: 21/21 MP: 2/2
   208 | D:2      | Reached skill level 1 in Armour
   527 | D:4      | Reached XP level 2. HP: 25/27 MP: 3/3
   563 | D:3      | Noticed 4thArraOfDagon's ghost (weakling FeSu)
   599 | D:4      | Slain by an adder

Vault maps used:
D:1:      roderic_chinese_lattice_arrival
D:2:      first_bread, kennysheep_generic_room_6
D:3:      portal_sewer_entry_a, chequers_ecumenical_altar_lobes
D:4:      minmay_temple_entry_glassed_door, ashenzari_altar_1, uniq_duvessa

Skill      XL: |  1 |
---------------+----+-----
Armour         | 1 |  1.1
Fighting       | |  5.5
Polearms       | |  2.6
Staves         | |  2.6
Dodging        | |  0.6
Stealth        | |  1.2
Evocations     | |  1.3

Action                   || total
-------------------------++-------
Melee: Dagger            ||    43
       Bite              ||     2
  Use: Potion            ||     3
       Scroll            ||     2
Armor: Robe              ||    36
       Ring mail         ||    10
Dodge: Dodged            ||    78
